 Dungeon Crawl Stone Soup version 0.30-a0-141-g30f27751c5 (webtiles) character file.

Game seed: 10682124623025374061

1595 qw the Cleaver (level 8, -2/51 HPs)
             Began as a Gargoyle Fighter on Sept 25, 2022.
             Killed from afar by an orc wizard (7 damage)
             ... with a puff of flame
             ... on level 6 of the Dungeon.
             The game lasted 00:01:58 (5227 turns).

qw the Cleaver (Gargoyle Fighter)                   Turns: 5227, Time: 00:01:58

Health: -2/51      AC: 19    Str: 21    XL:     8   Next: 93%
Magic:  8/8        EV:  7    Int: 10    God:
Gold:   328        SH:  8    Dex:  9    Spells: 7/7 levels left

rFire   . . .      SeeInvis .    Y - +1 war axe
rCold   + . .      Faith    .    c - +0 buckler
rNeg    + . .      Spirit   .    h - +3 chain mail {rC+}
rPois   inf        Reflect  .    (no helmet)
rElec   +          Harm     .    (no cloak)
rCorr   .          Rampage  .    k - +0 pair of gloves
Will    ++...                    (no boots)
Stlth   ..........               (no amulet)
HPRegen 0.97/turn                j - ring of willpower
MPRegen 0.11/turn                (no ring)

@: no status effects
A: sickness immunity, AC +5, negative energy resistance 1, electricity
resistance, torment resistance 1, petrification resistance, large bone plates 1,
strong-willed 1, regeneration 1
a: no special abilities


You were on level 6 of the Dungeon.
You visited 2 branches of the dungeon, and saw 7 of its levels.

You collected 328 gold pieces.


Innate Abilities, Weirdness & Mutations

You are immune to sickness and miasma.
Your stone body is resilient. (AC +5)
You are immune to poison.
You resist negative energy. (rN+)
You are resistant to electric shocks. (rElec)
You are resistant to unholy torment.
You are immune to petrification.
You are partially covered in large bone plates. (SH +4)
You are strong-willed. (Will+)
Your natural rate of healing is unusually fast.


   Skills:
 - Level 6.1 Fighting
 + Level 8.2 Axes
 - Level 2.7 Throwing
 - Level 4.1 Armour
 - Level 1.0 Dodging
 - Level 3.2 Shields


You had 7 spell levels left.
You didn't know any spells.
Your spell library was empty.

Inventory:

Hand Weapons
 o - a +0 morningstar
 Y - a +1 war axe (weapon)
Missiles
 n - 5 boomerangs (quivered)
Armour
 b - the +2 helmet of Watchfulness {-Tele rF+ Stlth+}
   (You took it off Robin on level 3 of the Dungeon)

   rF:        It protects you from fire.
   -Tele:     It prevents most forms of teleportation.
   Stlth:     It makes you more stealthy.
 c - a +0 buckler (worn)
 h - a +3 chain mail of cold resistance (worn)
 k - a +0 pair of gloves (worn)
Jewellery
 j - a ring of willpower (left hand)
Scrolls
 a - 4 scrolls of identify
Potions
 d - 2 potions of might
 e - a potion of lignification
 i - 2 potions of cancellation
 m - 4 potions of mutation

Dungeon Overview and Level Annotations

Branches:
Dungeon (6/15)             Temple (1/1) D:4

Altars:
Ashenzari
Cheibriados
Fedhas
Gozag
Kikubaaqudgha
Makhleb
Nemelex Xobeh
Qazlal
Ru
Sif Muna
Trog
Uskayaw
Vehumet
Wu Jian
Xom
Yredelemnul
Zin
The Shining One


Message History

The orc warrior hits you but does no damage.
You closely miss the orc priest.
The orc priest is moderately wounded.
You hit something but do no damage. You closely miss the orc warrior.
Something hits you but does no damage.
The orc priest hits you but does no damage.
The orc warrior hits you with a +0 scimitar.
You slash the orc priest!
The orc priest is almost dead.
You hit something but do no damage.
You hit the orc warrior but do no damage.
You block something's attack.
The orc priest casts a cantrip, but nothing happens.
The orc warrior hits you but does no damage.
You slash the orc priest!
You kill the orc priest!
You barely miss something. You barely miss the orc warrior.
Something hits you but does no damage. You block the orc warrior's attack.
You completely miss the orc warrior.
The orc warrior is moderately wounded.
You miss something. Something hits you but does no damage.
The orc warrior hits you but does no damage.
You hit the orc warrior but do no damage.
The orc warrior is moderately wounded.
You hit something. Something hits you but does no damage.
The orc warrior hits you with a +0 scimitar!
You barely miss the orc warrior.
The orc warrior is moderately wounded.
You barely miss something. Something hits you.
The orc warrior closely misses you. You block the orc warrior's attack.
Something hits you but does no damage.
You hit the orc warrior.
The orc warrior is heavily wounded.
You slash something!
You hear some strange, mumbled words.
A puff of flame appears from out of thin air!
The puff of flame hits you!
You die...

########.
###.....o.o
#..{)# #..o@#
#####....#
#........#
#.......###
#..........#
#......###.#
######......#
#
#...........#
#......)#####


You could see an orc warrior.

Vanquished Creatures
  Grinder (D:5)
  Eustachio (D:5)
  A water moccasin (D:6)
  2 ogres
  Blork the orc (D:4)
  A bullfrog (D:6)
  2 scorpions
  A howler monkey (D:5)
  3 orc priests
  2 hounds
  2 jellies (D:5)
  Ijyb (D:3)
  Jessica (D:2)
  3 iguanas
  4 orc wizards
  Terence (D:2)
  Robin (D:3)
  A gnoll (D:3)
  10 adders
  A river rat (D:3)
  3 worms (D:3)
  2 dart slugs (D:1)
  19 orcs
  5 bats
  10 endoplasms
  2 giant cockroaches
  18 goblins
  8 hobgoblins
  2 jackals (D:1)
  3 quokkas
  7 ball pythons
  2 frilled lizards
  6 kobolds
  8 rats
135 creatures vanquished.

Vanquished Creatures (others)
  A plant (D:6)
1 creature vanquished.

Grand Total: 136 creatures vanquished

Notes
Turn   | Place    | Note
-------+----------+-------------------------------------------
     0 | D:1      | qw the Gargoyle Fighter began the quest for the Orb.
     0 | D:1      | Reached XP level 1. HP: 14/14 MP: 1/1
     0 | D:1      | 0 ||| qw: Version: 0.2-a-10-g399e6c4
     0 | D:1      | 0 ||| qw: Game counter: 259
     0 | D:1      | 0 ||| qw: Always use a shield: true
     0 | D:1      | 0 ||| qw: God list: Okawaru
     0 | D:1      | 0 ||| qw: Allow faded altars: false
     0 | D:1      | 0 ||| qw: Do Orc after D:15 true
     0 | D:1      | 0 ||| qw: Do second Lair branch before Depths: true
     0 | D:1      | 0 ||| qw: Lair rune preference: random
     0 | D:1      | 0 ||| qw: Plans: Normal, Zot:1-4, God:TSO, Crypt, Tomb,
                  | Pan, Slime:5, Hells, Abyss, Orb
     0 | D:1      | 0 ||| PLANNING D:1-11
    69 | D:1      | Reached skill level 2 in Axes
   103 | D:1      | Reached XP level 2. HP: 17/19 MP: 2/2
   167 | D:1      | 167 ||| Stepping ~*~*~tactically~*~*~ (stealth).
   182 | D:1      | 182 ||| Stepping ~*~*~tactically~*~*~ (stealth).
   190 | D:1      | 190 ||| Stepping ~*~*~tactically~*~*~ (stealth).
   191 | D:1      | 191 ||| Stepping ~*~*~tactically~*~*~ (stealth).
   276 | D:1      | 276 ||| DROPPING +0 club.
   392 | D:1      | Reached skill level 3 in Axes
   416 | D:1      | Reached XP level 3. HP: 23/23 MP: 3/3
   423 | D:1      | 423 ||| Stepping ~*~*~tactically~*~*~ (stealth).
   424 | D:1      | 424 ||| Stepping ~*~*~tactically~*~*~ (stealth).
   651 | D:1      | 651 ||| UPGRADING to +0 pair of gloves.
   656 | D:1      | 656 ||| READING 2 scrolls labelled XOZXEI SIUR.
   657 | D:1      | 657 ||| READING scroll labelled RASIVV QUEQULI.
   658 | D:1      | 658 ||| READING scroll labelled DYT GUOPOULER.
   659 | D:1      | 659 ||| DRINKING 2 fuming sapphire potions.
   763 | D:2      | Found a stormy altar of Qazlal.
   766 | D:2      | Noticed Jessica
   766 | D:2      | Noticed Terence
   767 | D:2      | 767 ||| Stepping ~*~*~tactically~*~*~ (hiding).
   774 | D:2      | Killed Jessica
   775 | D:2      | Reached XP level 4. HP: 17/28 MP: 4/4
   786 | D:2      | Killed Terence
   787 | D:2      | Reached skill level 4 in Axes
   975 | D:2      | 975 ||| DROPPING +0 whip.
  1630 | D:2      | 1630 ||| UPGRADING to +3 chain mail of cold resistance.
  1640 | D:2      | 1640 ||| DROPPING +0 scale mail.
  1641 | D:2      | 1641 ||| UPGRADING to ring of willpower.
  1642 | D:2      | 1642 ||| DRINKING 2 bubbling blue potions.
  1690 | D:2      | 1690 ||| READING 2 scrolls of identify.
  1690 | D:2      | 1690 ||| IDENTIFYING metallic inky potion
  1710 | D:3      | 1710 ||| PLANNING SEWER
  1776 | D:3      | Found a bloodstained altar of Trog.
  1779 | D:3      | 1779 ||| Stepping ~*~*~tactically~*~*~ (stealth).
  1781 | D:3      | 1781 ||| Stepping ~*~*~tactically~*~*~ (stealth).
  1795 | D:3      | 1795 ||| Stepping ~*~*~tactically~*~*~ (stealth).
  1796 | D:3      | Identified the +2 helmet of Watchfulness {-Tele rF+ Stlth+}
  1796 | D:3      | Noticed Robin
  1797 | D:3      | 1797 ||| Stepping ~*~*~tactically~*~*~ (hiding).
  1812 | D:3      | Killed Robin
  1814 | D:3      | Reached XP level 5. HP: 32/32 MP: 5/5
  1819 | D:3      | Found a sparkling altar of Nemelex Xobeh.
  1819 | D:3      | Found a glowing silver altar of Zin.
  1821 | D:3      | Found a basalt altar of Yredelemnul.
  1821 | D:3      | Found a shimmering altar of Xom.
  1821 | D:3      | Found a blossoming altar of Fedhas.
  1911 | D:3      | Found a faded altar of an unknown god.
  1913 | D:3      | 1913 ||| Stepping ~*~*~tactically~*~*~ (hiding).
  1941 | D:3      | Reached skill level 5 in Axes
  2117 | D:3      | 2117 ||| Stepping ~*~*~tactically~*~*~ (stealth).
  2120 | D:3      | 2120 ||| Stepping ~*~*~tactically~*~*~ (stealth).
  2164 | D:3      | 2164 ||| DROPPING +0 flail.
  2476 | D:3      | 2476 ||| RIP SEWER
  2490 | D:3      | 2490 ||| PLANNING D:1-11
  2645 | D:3      | Reached XP level 6. HP: 35/38 MP: 6/6
  2650 | D:3      | Noticed Ijyb
  2651 | D:3      | 2651 ||| Stepping ~*~*~tactically~*~*~ (hiding).
  2655 | D:3      | 2655 ||| Stepping ~*~*~tactically~*~*~ (hiding).
  2667 | D:3      | HP: 1/38 [Ijyb/bolt of dispelling energy (13)]
  2668 | D:3      | 2668 ||| DRINKING potion of heal wounds.
  2671 | D:3      | Killed Ijyb
  3180 | D:3      | 3180 ||| DRINKING 2 sedimented dark potions.
  3180 | D:3      | Gained mutation: You are partially covered in large bone
                  | plates. (SH +4) [potion of mutation]
  3180 | D:3      | Gained mutation: Your natural rate of healing is unusually
                  | fast. [potion of mutation]
  3180 | D:3      | Gained mutation: You are strong-willed. (Will+) [potion of
                  | mutation]
  3181 | D:3      | 3181 ||| READING 5 scrolls of identify.
  3181 | D:3      | 3181 ||| IDENTIFYING pink potion
  3182 | D:3      | 3182 ||| DROPPING potion of brilliance.
  3277 | D:4      | Found a staircase to the Ecumenical Temple.
  3278 | D:4      | 3278 ||| PLANNING TEMPLE
  3278 | D:4      | 3278 ||| FLEEEEING.
  3281 | D:4      | 3281 ||| STAIRDANCE
  3286 | D:4      | 3286 ||| STAIRDANCE
  3295 | D:4      | 3295 ||| Stepping randomly (stuck).
  3357 | Temple   | Entered the Ecumenical Temple
  3602 | Temple   | 3602 ||| PLANNING D:1-11
  4049 | D:4      | Found a sparkling altar of Nemelex Xobeh.
  4095 | D:4      | 4095 ||| Stepping ~*~*~tactically~*~*~ (stealth).
  4096 | D:4      | Noticed Blork the orc
  4097 | D:4      | 4097 ||| Stepping ~*~*~tactically~*~*~ (stealth).
  4099 | D:4      | 4099 ||| Stepping ~*~*~tactically~*~*~ (hiding).
  4117 | D:4      | Killed Blork the orc
  4118 | D:4      | Reached skill level 6 in Axes
  4156 | D:4      | Reached XP level 7. HP: 43/43 MP: 7/7
  4225 | D:4      | 4225 ||| READING scroll labelled ODABUS AJOU.
  4244 | D:5      | Entered Level 5 of the Dungeon
  4247 | D:5      | Reached skill level 1 in Dodging
  4267 | D:5      | Reached skill level 7 in Axes
  4271 | D:5      | Noticed Eustachio
  4286 | D:5      | Killed Eustachio
  4321 | D:5      | Found a shimmering blue altar of Sif Muna.
  4333 | D:5      | Noticed Grinder
  4346 | D:5      | Killed Grinder
  4347 | D:5      | Reached XP level 8. HP: 46/50 MP: 8/8
  4662 | D:5      | 4662 ||| Stepping ~*~*~tactically~*~*~ (stealth).
  4663 | D:5      | 4663 ||| Stepping ~*~*~tactically~*~*~ (stealth).
  4672 | D:5      | 4672 ||| Stepping ~*~*~tactically~*~*~ (stealth).
  4673 | D:5      | 4673 ||| Stepping ~*~*~tactically~*~*~ (stealth).
  4674 | D:5      | 4674 ||| Stepping ~*~*~tactically~*~*~ (stealth).
  4803 | D:5      | 4803 ||| READING scroll labelled COPSOM RADAG.
  4813 | D:5      | 4813 ||| READING 2 scrolls labelled ONEYLUHIWI.
  4814 | D:5      | 4814 ||| DROPPING scroll of blinking.
  4877 | D:6      | 4877 ||| Stepping ~*~*~tactically~*~*~ (stealth).
  4961 | D:6      | Reached skill level 8 in Axes
  4967 | D:6      | 4967 ||| Stepping ~*~*~tactically~*~*~ (stealth).
  5053 | D:6      | Found a sacrificial altar of Ru.
  5070 | D:6      | Reached skill level 6 in Fighting
  5210 | D:6      | 5210 ||| Stepping ~*~*~tactically~*~*~ (hiding).
  5225 | D:6      | HP: 5/51 [orc warrior/+0 scimitar (14)]
  5227 | D:6      | Killed from afar by an orc wizard

Levels and vault maps discovered:
D:1:      eino_arrival_cavern_a, layout_rooms, chequers_serial_rivers_large_b,
          minmay_tiny_reverse_x
D:2:      layout_basic, basic_altar, grunt_decor_arrowhead, uniq_terence,
          uniq_jessica
D:3:      layout_basic, doesnt_xom_only_xom, lightli_sewer_entry_pipes,
          hellmonk_ecumenical_altar_pennies_from_heaven,
          kennysheep_generic_room_2, uniq_robin, uniq_ijyb
D:4:      layout_loops_cross, kennysheep_little_box, minmay_temple_entry_grid,
          uniq_blork_the_orc
D:5:      layout_basic, mainiacjoe_overflow_concentric_impassable, uniq_grinder,
          uniq_eustachio
D:6:      layout_basic, lemuel_crystal_altar, sigmund_edmund_badplayer
Temple:   oiseaux_autumnal_temple

Skill      XL: |  1  2  3  4  5  6  7  8 |
---------------+-------------------------+-----
Axes           | 2 3 4 5 6 7 8 |  8.2
Fighting       | 4 5 6 |  6.1
Dodging        | 1 |  1.0
Throwing       | 2 |  2.7
Armour         | 4 |  4.1
Shields        | |  3.2

Action                   |  1- 3 |  4- 6 |  7- 9 || total
-------------------------+-------+-------+-------++-------
Melee: War axe           |    56 |   220 |   111 ||   387
Throw: Boomerang         |       |    42 |    35 ||    77
  Use: Scroll            |     3 |     2 |     3 ||     8
       Potion            |     1 |     3 |       ||     4
Armor: Scale mail        |    36 |    11 |       ||    47
       Chain mail        |       |   107 |   103 ||   210
Dodge: Dodged            |    25 |    73 |    49 ||   147
Block: Buckler           |     9 |    35 |    49 ||    93

Table legend:
 A = Non-vault XP
 B = Vault XP
 C = Vault XP percentage of total XP
 D = Non-vault monster count
 E = Vault monster count
 F = Vault count percentage of total count
                 A         B        C        D         E       F
            +---------+---------+-------+---------+---------+-------
      Total |    1495 |     784 |  34.4 |     106 |      29 |  21.5
            +---------+---------+-------+---------+---------+-------
        D:1 |      44 |       3 |   6.4 |      24 |       2 |   7.7
        D:2 |      15 |      69 |  82.1 |      10 |       2 |  16.7
        D:3 |     142 |     165 |  53.7 |      26 |      22 |  45.8
        D:4 |     107 |     100 |  48.3 |      19 |       1 |   5.0
        D:5 |     598 |     447 |  42.8 |      18 |       2 |  10.0
        D:6 |     589 |       0 |   0.0 |       9 |       0 |   0.0
            +---------+---------+-------+---------+---------+-------
